cohdb
Replays
Latest Replays
All Replays
Popular Replays
Top Player Replays
Match Explorer
How It Works
Community
CoH3 Stats
Reddit
Sign in to upload your games and track your stats! →
Sign in with Steam
Match 45434316
Unlisted
Match 45434316
Overview
Messages
Build Orders
End
Construct Weapon Support Center
Selects Heavy Weapons
M1919 Machine Gun Team
Bazooka Squad
M1919 Machine Gun Team
Air Support Center
Selects Assault Carriers
Construct Medical Station
M3 Assault Carrier
Engineer Squad
Selects Exchangeable Parts
M3 Assault Carrier
Improved M9 Bazooka Rockets
M3 Assault Carrier
Engineer Squad
Selects M2HB .50cal Heavy Machine Gun
Construct Tank Depot
Selects Rapid Reposition
Bazooka Squad
Bazooka Squad
M1919 Machine Gun Team
Grasshopper Recon Run
M1919 Machine Gun Team
Selects Bolstered Team Weapons
M4(105) Sherman Bulldozer
Scout Squad
Engineer Squad
P-47 Dive Bomb
M4A1 Sherman Medium Tank
P-47 Dive Bomb
Grasshopper Recon Run
P-47 Strafing Run
Selects M26 Pershing Heavy Tank
jonathanghndz
JohnD2609
Urge to Merge
Relic only temp bans maphackers
Mirland
ALEXyCia
ROGHT44
Yayotastico
0
0
Comments
sign in to comment!
No comments posted yet!